 Dungeon Crawl Stone Soup version 0.22-a0-274-gf8199ec (webtiles) character file.

2 4thArraOfDagon the Grasshopper (level 1, -1/16 HPs)
             Began as a Formicid Warper on Mar 14, 2018.
             Slain by an orc
             ... wielding a +0 hand axe
              (5 damage)
             ... in a bailey.
             The game lasted 00:00:43 (89 turns).

4thArraOfDagon the Grasshopper (Formicid Warper)      Turns: 89, Time: 00:00:44

Health: -1/16      AC:  3    Str: 15    XL:     1   Next: 44%
Magic:  3/3        EV: 17    Int: 12    God:
Gold:   0          SH:  0    Dex: 15    Spells: 4/4 levels left

rFire    . . .     SeeInvis +   c - +0 hand axe (curse)
rCold    . . .     Gourm    .   (no shield)
rNeg     . . .     Faith    .   b - +0 leather armour
rPois    .         Spirit   .   (helmet unavailable)
rElec    .         Reflect  .   (no cloak)
rCorr    .         Harm     .   (no gloves)
MR       .....                  (no boots)
Stlth    ++........             (no amulet)
HPRegen  0.05/turn              (no ring)
MPRegen  0.08/turn              (no ring)

@: agile
A: permanent stasis, dig shafts and tunnels, four strong arms, antennae 3
a: Dig, Shaft Self


You were in a bailey.
You were not hungry.

You visited 1 branch of the dungeon, and saw 6 of its levels.
You also visited: Bailey.

Inventory:

Hand Weapons
 a - a +0 hand axe
 c - a cursed +0 hand axe (weapon)
Missiles
 e - 5 tomahawks of dispersal (quivered)
Armour
 b - a +0 leather armour (worn)
Scrolls
 d - a scroll of blinking
Comestibles
 f - a ration


   Skills:
 + Level 2.2 Fighting
 * Level 2.1 Axes
 - Level 1.0 Throwing
 + Level 1.2 Armour
 + Level 1.8 Dodging
 + Level 2.2 Spellcasting
   Level 2.6 Translocations


You had 4 spell levels left.
You didn't know any spells.

Dungeon Overview and Level Annotations

Branches:
Dungeon (10/15)
 Temple: D:4-7         Lair: D:8-11         Orc: D:9-12

Altars:


Innate Abilities, Weirdness & Mutations

You cannot be hasted, slowed, berserked, paralysed or teleported.
You can dig through walls and to a lower floor.
Your four strong arms can wield two-handed weapons with a shield.
You have a pair of large antennae on your head. (SInv)


Message History

You hit the orc but do no damage.
The orc is moderately wounded.
You hit the hobgoblin but do no damage. You hit the goblin but do no damage.
The hobgoblin hits you with a hand axe. The orc closely misses you.
The goblin closely misses you.
Unknown command.
You hit the orc but do no damage.
The orc is moderately wounded.
You hit the goblin but do no damage. You closely miss the hobgoblin.
The hobgoblin hits you with a hand axe.
* * * LOW HITPOINT WARNING * * *
The goblin hits you but does no damage. The orc closely misses you.
The hobgoblin barely misses you.
Unknown command.
The goblin barely misses you.
Unknown command.
You barely miss the orc.
The orc is moderately wounded.
You barely miss the goblin. The orc hits you with a hand axe.
You die...

#≈≈≈≈≈# ###≈≈≈≈≈#
#.≈≈≈≈≈≈#
#.≈≈≈≈≈.######
####++#.≈≈≈≈≈......#
#.....#.≈≈≈≈≈......###
#.....'..)g..........#
#..⌠..'...o@.....∩..∩#
#.....'.).g..........#
#.....#.≈≈≈≈≈......###
####++#.≈≈≈≈≈......#
#.≈≈≈≈≈.######
#.≈≈≈≈≈≈# ###≈≈≈≈≈#
#≈≈≈≈≈#


You could see an orc, a hobgoblin and a goblin.

Vanquished Creatures
  A goblin (Bailey)
  A hobgoblin (Bailey)
2 creatures vanquished.

Notes
Turn   | Place    | Note
-------+----------+-------------------------------------------
     0 | D:1      | 4thArraOfDagon the Formicid Warper began the quest for the Orb.
     0 | D:1      | Reached XP level 1. HP: 16/16 MP: 3/3
     3 | D:1      | You fall through a shaft!
     6 | D:2      | You fall through a shaft!
     9 | D:3      | You fall through a shaft for 3 floors!
     9 | D:6      | Noticed a hound
    11 | D:6      | Noticed a crimson imp
    12 | D:6      | You fall through a shaft for 3 floors!
    42 | D:10     | Entered Level 10 of the Dungeon
    52 | D:10     | Found a flagged portal.
    63 | Bailey   | Entered a bailey
    89 | Bailey   | Slain by an orc

Vault maps used:
D:1:      arrival_zaba_pyramid
D:2:      nicolae_dithmenos_shadow_blocks, uniq_sigmund, uniq_natasha
D:3:      uniq_ijyb
D:6:      kennysheep_kobold_camp, uniq_edmund
D:9:      david_lair_shrubbed, serial_shops, nicolae_shop_window_shopping,
          hangedman_fish_farm, wad_rectangle_vault
D:10:     serial_shops, nicolae_shop_crystal, shop, nicolae_shop_trees,
          nicolae_shop_trees, nicolae_shop_waterfront, enter_bailey_2,
          uniq_snorg
Bailey:   bailey_axe_of_yendor_kennysheep, bailey

Action                   || total
-------------------------++-------
Melee: Hand axe          ||     7
 Abil: Shaft Self        ||     4
       Dig               ||     1
  Use: Potion            ||     1
Armor: Leather armour    ||     1
Dodge: Dodged            ||    10

Table legend:
 A = Spawn XP
 B = Non-spawn XP
 C = Spawn XP percentage of total XP
 D = Spawn monster count
 E = Non-spawn monster count
 F = Spawn count percentage of total count
 G = Total turns spent on level
                    A         B        C        D         E        F      G
               +---------+---------+-------+---------+---------+-------+---------
         Total |       0 |       4 |   0.0 |       0 |       2 |   0.0 |    89
               +---------+---------+-------+---------+---------+-------+---------
        Bailey |       0 |       4 |   0.0 |       0 |       2 |   0.0 |    26
               +---------+---------+-------+---------+---------+-------+---------
